 Dungeon Crawl Stone Soup version 0.31.0-11-ge490571c62 (webtiles) character file.

Game seed: 12884084486300567597

83494 solopath the Brawler (level 15, -7/136 HPs)
             Began as a Troll Shapeshifter on Feb 2, 2024.
             Was the Champion of Jiyva.
             Mangled by a cyan ugly thing (17 damage)
             ... on level 14 of the Dungeon.
             The game lasted 00:33:26 (16010 turns).

solopath the Brawler (Troll Shapeshifter)          Turns: 16010, Time: 00:33:27

Health: -7/136     AC:  6    Str: 28      XL:     15   Next: 32%
Magic:  18/18      EV: 21    Int: 13 (14) God:    Jiyva [******]
Gold:   1436       SH:  0    Dex:  7 (9)  Spells: 17/19 levels left

rFire   . .          .
                       - Unarmed
rCold   . . .        (shield currently unavailable)
rNeg    . . .        a - +1 animal skin
rPois   +            (helmet restricted)
rElec   .            h - +2 cloak
rCorr   +            (gloves unavailable)
SInv    .            (boots unavailable)
Will    +....        G - amulet of faith
Stlth   +            x - +5 ring of evasion
HPRegen 2.82/turn    D - +5 ring of evasion
MPRegen 0.96/turn

%: faith
@: blade hands
A: large, unfitting armour, (claws 3), regeneration 1, shaggy fur 1, tough skin
1, antennae 2, clever 2, poison resistance, jelly sensing items, jelly absorbing
missiles, sturdy frame 2
a: Begin Untransformation, Renounce Religion, Oozemancy, Slimify


You were on level 14 of the Dungeon.
You worshipped Jiyva.
Jiyva was exalted by your worship.
You had blades for hands.
You visited 3 branches of the dungeon, and saw 20 of its levels.
You also visited: Ossuary.

You collected 1436 gold pieces.

Inventory:

Missiles
 o - 9 javelins (quivered)
Armour
 a - a +1 animal skin (worn)
 h - a +2 cloak (worn)
 O - a +1 hat
Jewellery
 e - a ring of wizardry
 x - a +5 ring of evasion (left blade hand)
 D - a +5 ring of evasion (right blade hand)
 F - a ring of fire
 G - an amulet of faith (around neck)
 I - an amulet of regeneration
 M - a ring of protection from fire
 Q - a ring of flight
Talismans
 c - a beast talisman
 d - a flux talisman
 y - a blade talisman (active)
Wands
 v - a wand of mindburst (17)
 z - a wand of charming (10)
 E - a wand of flame (30)
 H - a wand of quicksilver (3)
 K - a wand of polymorph (8)
Scrolls
 b - 5 scrolls of silence
 f - a scroll of revelation
 g - 4 scrolls of enchant armour
 j - 5 scrolls of identify
 k - 8 scrolls of teleportation
 m - 2 scrolls of fear
 p - 2 scrolls of immolation
 q - 3 scrolls of blinking
 w - 4 scrolls of vulnerability
 A - 2 scrolls of enchant weapon
 J - 2 scrolls of fog
Potions
 i - 2 potions of brilliance
 l - 3 potions of magic
 n - 6 potions of curing
 r - 5 potions of enlightenment
 s - 2 potions of ambrosia
 t - a potion of mutation
 L - 2 potions of attraction
Miscellaneous
 u - a lightning rod (4/4)
 R - a box of beasts


   Skills:
 - Level 6.0 Fighting
 - Level 9.6 Dodging
 * Level 19.5 Unarmed Combat
 + Level 2.8 Spellcasting
 + Level 13.2 Shapeshifting


You had 17 spell levels left.
You knew the following spells:

 Your Spells              Type           Power      Damage    Failure   Level
a - Blink                 Tloc           2%         N/A       34%         2

Your spell library contained the following spells:

 Spells                   Type           Power      Damage    Failure   Level
 Foxfire                  Conj/Fire      4%         2x1d4     24%         1
 Kiss of Death            Conj/Necr      4%         2d5       24%         1
 Magic Dart               Conj           4%         1d3       24%         1
 Call Imp                 Summ           2%         N/A       34%         2
 Jinxbite                 Hex            2%         N/A       34%         2
 Confusing Touch          Hex            1%         N/A       56%         3
 Dazzling Flash           Conj/Hex       2%         N/A       56%         3
 Hailstorm                Conj/Ice       1%         3d5       56%         3
 Mephitic Cloud           Conj/Alch/Air  1%         N/A       56%         3
 Summon Ice Beast         Ice/Summ       1%         N/A       56%         3
 Animate Armour           Summ/Erth      2%         N/A       93%         4
 Brom's Barrelling Bould  Conj/Erth      1%         2d3       93%         4
 Dispel Undead            Necr           1%         3d6       93%         4
 Summon Lightning Spire   Summ/Air       1%         N/A       93%         4
 Curse of Agony           Necr           1%         N/A       100%        5
 Fireball                 Conj/Fire      0%         3d3       100%        5
 Iskenderun's Battlesphe  Conj           1%         2d6       100%        5
 Lee's Rapid Deconstruct  Erth           0%         3d4*      100%        5
 Metabolic Englaciation   Hex/Ice        0%         N/A       100%        5
 Silence                  Hex/Air        0%         N/A       100%        5
 Summon Mana Viper        Hex/Summ       1%         N/A       100%        5
 Conjure Ball Lightning   Conj/Air       0%         3x3d6     100%        6
 Plasma Beam              Fire/Air       0%         2x1d10    100%        6
 Sculpt Simulacrum        Ice/Alch       0%         N/A       100%        6
 Starburst                Conj/Fire      0%         6d3       100%        6
 Orb of Destruction       Conj           0%         9d5       100%        7


Dungeon Overview and Level Annotations

Branches:
Dungeon (14/15)            Temple (1/1) D:6            Lair (5/5) D:11
 Shoals (0/4) Lair:2       Spider (0/4) Lair:3        Slime (0/5) Lair:4
    Orc (0/2) D:12        Ossuary (visited)
 Vaults: D:13-14

Altars:
Ashenzari
Cheibriados
Dithmenos
Elyvilon
Fedhas
Gozag
Hepliaklqana
Kikubaaqudgha
Makhleb
Nemelex Xobeh
Okawaru
Qazlal
Ru
Sif Muna
Trog
Uskayaw
Vehumet
Wu Jian
Xom
Yredelemnul
Zin
The Shining One
Jiyva

Shops:
D:9 *


Innate Abilities, Weirdness & Mutations

You have blades for hands.
You are incapable of wielding weapons or throwing items.
You are too large for most types of armour.
((You have claws for hands.))
Your natural rate of healing is unusually fast.
You are covered in fur. (AC +1)
You have tough skin. (AC +1)
You have a pair of antennae on your head.
Your mind is very acute. (Int +8, Str/Dex -2)
Your system is resistant to poisons. (rPois)
You have a small jelly attached to you that senses nearby items.
You have a small jelly attached to you that may absorb projectiles.
Your movements are less encumbered by armour. (ER -4)


Message History

The cyan ugly thing is heavily wounded.
The cyan ugly thing gores you! The cyan ugly thing shocks you!
The purple ugly thing barely misses you.
You are too injured to fight recklessly!
You are too injured to fight recklessly!
You are too injured to fight recklessly!
You are too injured to fight recklessly!
You are too injured to fight recklessly!
You are too injured to fight recklessly!
You are too injured to fight recklessly!
You are too injured to fight recklessly!
You are too injured to fight recklessly!
The purple ugly thing basks in the mutagenic energy from its kin and changes!
You hit the cyan ugly thing but do no damage.
The cyan ugly thing is heavily wounded.
The cyan ugly thing misses you.
You hit the cyan ugly thing.
The cyan ugly thing is heavily wounded.
You shred the cyan ugly thing!!!
You kill the cyan ugly thing!
You slash the cyan ugly thing!
The cyan ugly thing is lightly wounded.
The cyan ugly thing punches you! The cyan ugly thing shocks you!
The cyan ugly thing claws you but does no damage.
You shred the cyan ugly thing!!!
The cyan ugly thing is almost dead.
You hear an angry buzzing noise.
The cyan ugly thing punches you!
* * * LOW HITPOINT WARNING * * *
The cyan ugly thing shocks you!
* * * LOW HITPOINT WARNING * * *
The cyan ugly thing claws you but does no damage.
You feel much better. The cyan ugly thing punches you!
* * * LOW HITPOINT WARNING * * *
The cyan ugly thing shocks you!
* * * LOW HITPOINT WARNING * * *
The cyan ugly thing claws you!
* * * LOW HITPOINT WARNING * * *
The cyan ugly thing shocks you!
You die...

........ ##.#....# #
{..#..#.### ..
......... ...
........# # .... #.#
#.# .# .. ..... #<#
#.#.#....
......##%###........
........†u@.†.#.....
......##.u#.........
.#### ##..#........
##..........
##..#......
......... ####.##...
.. ##


You could see 2 ugly things.

Vanquished Creatures
  Gastronok (Lair:2)
  The ghost of turdburglar the Grappler, a journeyman DrSh of Cheibriados (D:13)
  Nessos (Lair:5)
  2 stone giants (D:11)
  The ghost of Fuxod the Fighter, a journeyman GnWn of Xom (Lair:3)
  2 ettins
  11 hydras
  5 catoblepae (Lair:5)
  2 boulder beetles
  A death knight (D:11)
  A centaur warrior (D:11)
  4 two-headed ogres
  2 tengu warriors (D:13)
  18 death yaks
  Urug (Lair:1)
  2 skeletal warriors
  A skyshark (Lair:5)
  A deep elf archer (D:11)
  A necromancer (Lair:3)
  A wolf spider (Lair:5)
  A deep elf pyromancer (D:12)
  An oklob plant (Lair:4)
  5 ugly things
  6 cyclopes
  8 elephants
  4 manticores
  A black mamba (shapeshifter) (D:13)
  3 black mambas
  13 cane toads
  A torpor snail (Lair:5)
  2 unseen horrors
  A rime drake (Lair:4)
  A kobold demonologist (D:11)
  An efreet (D:11)
  A tengu conjurer (D:11)
  7 komodo dragons
  3 trolls
  3 polar bears (Lair:3)
  2 hornets
  A dream sheep (Lair:5)
  34 blink frogs
  A slime creature (D:11)
  A culicivora (Lair:3)
  3 jumping spiders (Lair:3)
  Sigmund (D:4)
  A shadow (D:9)
  A vampire (D:13)
  8 wyverns
  58 yaks
  7 basilisks
  3 wraiths
  A steam dragon (D:9)
  3 vampire mosquitoes (D:13)
  3 redbacks
  3 acid dragons
  21 water moccasins
  6 orc warriors
  4 black bears
  The ghost of zenocrate the Chopper, an amateur MiDe (D:4)
  3 sky beasts
  2 laughing skulls (D:13)
  An ogre (D:4)
  8 wolves
  6 centaurs
  A weeping skull (D:4)
  A kobold brigand (D:11)
  12 bullfrogs
  3 scorpions
  A wight (D:8)
  6 killer bees (D:8)
  A bombardier beetle (D:6)
  9 howler monkeys
  5 jellies
  7 orc priests
  A hound (D:6)
  4 iguanas
  A sleepcap (D:7)
  Natasha (thrice) (D:4)
  12 orc wizards
  2 polar bear simulacra (Lair:3)
  4 yak simulacra (Lair:3)
  2 wolf simulacra (Lair:3)
  8 mummies (Ossuary)
  Robin (D:4)
  5 adders
  A gnoll (D:4)
  A shadow imp (D:5)
  A white imp (D:5)
  2 ufetubi (D:5)
  3 dart slugs (D:4)
  A ribbon worm (D:3)
  33 orcs
  8 ball pythons
  5 bats
  9 endoplasms
  3 giant cockroaches (D:2)
  14 goblins
  10 hobgoblins
  16 jackals
  6 quokkas
  2 frilled lizards
  2 gnoll zombies (Ossuary)
  3 hobgoblin zombies (Ossuary)
  11 kobolds
  3 kobold zombies (Ossuary)
  3 rats
  2 river rat simulacra (Lair:3)
  A spectral orc (D:4)
533 creatures vanquished.

Vanquished Creatures (collateral kills)
  2 ugly things (D:11)
  A cyclops (D:12)
  A manticore (D:11)
  A basilisk (D:11)
  A howler monkey (D:11)
6 creatures vanquished.

Vanquished Creatures (others)
  A great orb of eyes (D:14)
  A centaur warrior (D:14)
  A tengu warrior (D:13)
  An orb spider (shapeshifter) (D:11)
  A manticore (D:12)
  A troll (D:12)
  A polar bear (Lair:5)
  2 slime creatures (D:13)
  A basilisk (D:12)
  A wraith (D:12)
  35 jellies
  2 orc priests (D:12)
  An orc wizard (D:12)
  A wolf simulacrum (Lair:3)
  3 orcs (D:12)
53 creatures vanquished.

Grand Total: 592 creatures vanquished

Notes
Turn   | Place    | Note
-------+----------+-------------------------------------------
     0 | D:1      | solopath the Troll Shapeshifter began the quest for the
                  | Orb.
     0 | D:1      | Reached XP level 1. HP: 18/18 MP: 0/0
    56 | D:1      | Reached skill level 1 in Fighting
    94 | D:1      | Reached XP level 2. HP: 27/27 MP: 1/1
   206 | D:1      | Reached XP level 3. HP: 33/33 MP: 2/2
  1011 | D:2      | Reached skill level 4 in Unarmed Combat
  1400 | D:3      | Found a hazy altar of Hepliaklqana.
  1400 | D:3      | Found a shimmering blue altar of Sif Muna.
  1412 | D:3      | Reached XP level 4. HP: 41/41 MP: 3/3
  1479 | D:3      | Found an ancient bone altar of Kikubaaqudgha.
  1591 | D:3      | Found a glowing silver altar of Zin.
  1626 | D:3      | Found a blossoming altar of Fedhas.
  1936 | D:4      | Noticed an ogre
  1953 | D:4      | Killed an ogre
  1954 | D:4      | Reached XP level 5. HP: 49/49 MP: 4/4
  1956 | D:4      | Reached skill level 5 in Unarmed Combat
  1972 | D:4      | Gained mutation: Your spells are a little easier to cast,
                  | but a little less powerful. [potion of mutation]
  1972 | D:4      | Gained mutation: Your spells are easier to cast, but less
                  | powerful. [potion of mutation]
  1972 | D:4      | Gained mutation: You are partially covered in large bone
                  | plates. (SH +4) [potion of mutation]
  1972 | D:4      | Lost mutation: Your spells are easier to cast, but less
                  | powerful. [potion of mutation]
  2003 | D:4      | Noticed Robin
  2008 | D:4      | Killed Robin
  2036 | D:4      | Noticed Natasha
  2040 | D:4      | Killed Natasha
  2041 | D:4      | Reached XP level 6. HP: 55/59 MP: 5/5
  2072 | D:4      | Found a sparkling altar of Nemelex Xobeh.
  2120 | D:4      | Noticed Sigmund
  2135 | D:4      | Killed Sigmund
  2135 | D:4      | Noticed Natasha
  2138 | D:4      | Killed Natasha
  2144 | D:4      | Found a runed translucent gate.
  2145 | D:4      | Found a runed translucent gate.
  2145 | D:4      | Found a runed translucent gate.
  2145 | D:4      | Found an opulent altar of Gozag.
  2147 | D:4      | Noticed a sky beast
  2148 | D:4      | Noticed zenocrate's ghost (amateur MiDe)
  2170 | D:4      | Killed a sky beast
  2171 | D:4      | Reached skill level 6 in Unarmed Combat
  2171 | D:4      | Reached XP level 7. HP: 29/67 MP: 6/6
  2173 | D:4      | Killed zenocrate's ghost
  2356 | D:4      | Found a basalt altar of Yredelemnul.
  2465 | D:4      | Found a sand-covered staircase.
  2472 | Ossuary  | Entered an ossuary
  2520 | Ossuary  | Reached skill level 5 in Shapeshifting
  2536 | Ossuary  | Reached skill level 7 in Unarmed Combat
  2730 | D:4      | Noticed Natasha
  2741 | D:4      | Killed Natasha
  3040 | D:5      | Entered Level 5 of the Dungeon
  3046 | D:5      | Reached XP level 8. HP: 78/78 MP: 7/7
  3287 | D:5      | Got the Secrets of the Maledictive Comitatus
  3874 | D:6      | Reached skill level 8 in Unarmed Combat
  3917 | D:6      | Found a staircase to the Ecumenical Temple.
  3961 | Temple   | Entered the Ecumenical Temple
  4832 | D:7      | Reached skill level 9 in Unarmed Combat
  4832 | D:7      | Reached XP level 9. HP: 83/87 MP: 8/8
  5105 | D:7      | Found an opulent altar of Gozag.
  5109 | D:7      | Learned a level 2 spell: Blink
  5126 | D:7      | Reached skill level 5 in Fighting
  5158 | D:7      | Found a burning altar of Makhleb.
  5546 | D:8      | Reached skill level 10 in Unarmed Combat
  5685 | D:8      | Noticed a two-headed ogre
  5695 | D:8      | Killed a two-headed ogre
  5696 | D:8      | Reached XP level 10. HP: 98/98 MP: 9/9
  5753 | D:8      | Reached skill level 11 in Unarmed Combat
  6017 | D:8      | Found a sacrificial altar of Ru.
  6067 | D:9      | Noticed a two-headed ogre
  6075 | D:9      | Killed a two-headed ogre
  6166 | D:9      | Found Efruce's Overcharged Wands.
  6253 | D:9      | Found an ornate altar of the Wu Jian Council.
  6716 | D:10     | Entered Level 10 of the Dungeon
  6872 | D:10     | Noticed a two-headed ogre
  6878 | D:10     | Killed a two-headed ogre
  6879 | D:10     | Reached skill level 12 in Unarmed Combat
  7188 | D:10     | Reached XP level 11. HP: 58/105 MP: 10/10
  7568 | D:11     | Found a staircase to the Lair.
  7738 | D:11     | Noticed an ettin
  7738 | D:11     | Noticed a skeletal warrior
  7739 | D:11     | Noticed a deep elf archer
  7755 | D:10     | Killed an ettin
  7811 | D:10     | Killed a skeletal warrior
  7812 | D:10     | Reached skill level 13 in Unarmed Combat
  7953 | D:11     | Noticed a six-headed hydra
  7953 | D:11     | Noticed a stone giant
  7976 | D:11     | Killed a stone giant
  7982 | D:11     | Reached skill level 5 in Dodging
  7986 | D:11     | Killed a ten-headed hydra
  8178 | Lair:1   | Entered Level 1 of the Lair of Beasts
  8307 | Lair:2   | Noticed a death yak
  8315 | Lair:2   | Noticed a death yak
  8316 | Lair:2   | Killed a death yak
  8316 | Lair:2   | Noticed a death yak
  8317 | Lair:2   | Reached skill level 14 in Unarmed Combat
  8318 | Lair:2   | Noticed a death yak
  8318 | Lair:2   | Noticed a death yak
  8363 | Lair:1   | Noticed Urug
  8369 | Lair:1   | Killed Urug
  8370 | Lair:1   | Reached XP level 12. HP: 114/114 MP: 11/11
  8404 | Lair:2   | Noticed a four-headed hydra
  8421 | Lair:2   | Killed a four-headed hydra
  8705 | Lair:2   | Found a staircase to the Shoals.
  8771 | Lair:2   | Reached skill level 10 in Shapeshifting
  8840 | Lair:2   | Killed a death yak
  8844 | Lair:2   | Killed a death yak
  8849 | Lair:2   | Killed a death yak
  8857 | Lair:2   | Killed a death yak
  8858 | Lair:2   | Reached skill level 15 in Unarmed Combat
  9153 | Lair:5   | Entered Level 5 of the Lair of Beasts
  9221 | Lair:4   | Found a staircase to the Slime Pits.
  9285 | Lair:4   | Found a viscous altar of Jiyva.
  9297 | Lair:4   | Became a worshipper of Jiyva Juorooss the Shapeless
  9648 | Lair:4   | Reached XP level 13. HP: 114/120 MP: 12/12
  9665 | Lair:4   | Reached * piety under Jiyva
  9972 | Lair:3   | Reached skill level 16 in Unarmed Combat
  9981 | Lair:3   | Reached ** piety under Jiyva
 10165 | Lair:3   | Found a hole to the Spider Nest.
 10214 | Lair:3   | Found a runed translucent door.
 10407 | Lair:3   | Reached *** piety under Jiyva
 10447 | Lair:3   | Lost mutation: You are partially covered in large bone
                  | plates. (SH +4) [Jiyva's grace]
 10447 | Lair:3   | Gained mutation: Your mind is acute. (Int +4, Str/Dex -1)
                  | [Jiyva's grace]
 10447 | Lair:3   | Gained mutation: Your mind is very acute. (Int +8, Str/Dex
                  | -2) [Jiyva's grace]
 10447 | Lair:3   | Gained mutation: You have a small jelly attached to you
                  | that senses nearby items. [Jiyva's grace]
 10447 | Lair:3   | Gained mutation: You have a somewhat thin skeletal
                  | structure. (Dex +2, Stealth+) [Jiyva's grace]
 10985 | Lair:3   | Noticed Fuxod's ghost (journeyman GnWn)
 11000 | Lair:3   | Killed Fuxod's ghost
 11110 | Lair:2   | Noticed Gastronok
 11124 | Lair:2   | Killed Gastronok
 11404 | Lair:2   | Reached **** piety under Jiyva
 12056 | Lair:1   | Reached skill level 17 in Unarmed Combat
 12555 | Lair:5   | Reached XP level 14. HP: 124/130 MP: 13/13
 12721 | Lair:5   | a five-headed hydra changed into an acid blob
 12721 | Lair:5   | Noticed an acid blob
 12855 | Lair:5   | Reached skill level 18 in Unarmed Combat
 13040 | Lair:5   | Lost mutation: You have a somewhat thin skeletal structure.
                  | (Dex +2, Stealth+) [Jiyva's grace]
 13040 | Lair:5   | Lost mutation: Your spells are a little easier to cast, but
                  | a little less powerful. [Jiyva's grace]
 13040 | Lair:5   | Gained mutation: Your system is resistant to poisons.
                  | (rPois) [Jiyva's grace]
 13040 | Lair:5   | Gained mutation: You have a pair of small antennae on your
                  | head. [Jiyva's grace]
 13040 | Lair:5   | Gained mutation: You have a pair of antennae on your head.
                  | [Jiyva's grace]
 13040 | Lair:5   | Gained mutation: You have a pair of large antennae on your
                  | head. (SInv) [Jiyva's grace]
 13075 | Lair:5   | Noticed Nessos
 13082 | Lair:5   | Killed Nessos
 13224 | Lair:5   | Reached skill level 1 in Spellcasting
 13973 | D:11     | Noticed a stone giant
 13983 | D:11     | Killed a stone giant
 13989 | D:11     | Reached skill level 19 in Unarmed Combat
 14089 | D:11     | Reached ***** piety under Jiyva
 14099 | D:11     | Reached XP level 15. HP: 133/136 MP: 16/16
 14243 | D:11     | Identified the +7 shortbow of Tesaiz {speed, rElec rPois
                  | rN+ Dex-5}
 14624 | D:12     | Found a staircase to the Orcish Mines.
 15379 | D:13     | Found a large runed translucent door.
 15379 | D:13     | Found a large runed translucent door.
 15382 | D:13     | Noticed turdburglar's ghost (journeyman DrSh)
 15400 | D:13     | Killed turdburglar's ghost
 15971 | D:14     | Reached ****** piety under Jiyva
 15971 | D:14     | Lost mutation: You have a pair of large antennae on your
                  | head. (SInv) [Jiyva's grace]
 15971 | D:14     | Lost mutation: Your mind is very acute. (Int +8, Str/Dex
                  | -2) [Jiyva's grace]
 15971 | D:14     | Gained mutation: Your mind is very acute. (Int +8, Str/Dex
                  | -2) [Jiyva's grace]
 15971 | D:14     | Gained mutation: You have a small jelly attached to you
                  | that may absorb projectiles. [Jiyva's grace]
 15971 | D:14     | Gained mutation: Your movements are slightly less
                  | encumbered by armour. (ER -2) [Jiyva's grace]
 15971 | D:14     | Gained mutation: Your movements are less encumbered by
                  | armour. (ER -4) [Jiyva's grace]
 16010 | D:14     | Mangled by a cyan ugly thing

Illustrated notes

Levels and vault maps discovered:
D:1:      erik_arrival_orb_chamber, layout_basic
D:2:      layout_loops_ring
D:3:      layout_loops_ring, fedhas_altar_1,
          nicolae_kikubaaqudgha_miasma_corner, mainiacjoe_overflow_catwalk,
          mainiacjoe_overflow_large_starburst
D:4:      layout_basic, nemelex_diamond_rough_becter,
          yredelemnul_forgotten_temple_becter, chequers_ossuary_entry_cave,
          ebering_ghost_gozag, minmay_puff, uniq_robin, uniq_sigmund,
          uniq_natasha
D:5:      layout_basic
D:6:      layout_cave_pods, minmay_temple_entry_arrows
D:7:      layout_rooms, general_overflow_altar, mainiacjoe_overflow_boulevard,
          grunt_decor_resistance, billiards_dpeg
D:8:      kennysheep_six_static_rooms, layout_rooms, kennysheep_mini_moat
D:9:      layout_roguey, mainiacjoe_overflow_small_starburst,
          nicolae_shop_overcharged_wands
D:10:     layout_irregular_city
D:11:     layout_small_grid, david_lair_shrubbed, nicolae_rejected_hall
D:12:     layout_basic, minmay_orc_entry_temple_small
D:13:     layout_loops_ring, ebering_ghost_disaster_area, minivault_23
D:14:     layout_rooms, david_vaults_5, zin_angel,
          minmay_misc_feat_more_columns, disabler_island
Temple:   jpeg_temple_clearing
Lair:1:   layout_hall_layers, uniq_urug
Lair:2:   layout_chaotic_city, elwin_shoals_entry_rocks,
          grunt_forest_stairs_basic, uniq_gastronok
Lair:3:   layout_cave_pods, nicolae_spider_entry_tight_spaces,
          ebering_ghost_reflecting_pool, eino_house_with_fridge
Lair:4:   layout_small_grid, nicolae_slime_entry_slimehenge,
          cheibrodos_lair_caveside_slide, serial_bayou_pond_b, st_stairs_11
Lair:5:   evilmike_catoblepas_cave, layout_concentric_octagons,
          minmay_shattered_shrine, uniq_nessos

Skill      XL: |  1  2  3  4  5  6  7  8  9 10 11 12 13 14 15 |
---------------+----------------------------------------------+-----
Fighting       | 1 2 3 4 6 |  6.0
Unarmed Combat | 4 5 6 7 9 10 12 14 15 17 19 | 19.5
Shapeshifting  | 4 5 6 7 8 9 10 11 12 13 | 13.2
Dodging        | 4 5 7 8 9 |  9.6
Spellcasting   | 1 2 |  2.8

Action                     |  1- 3 |  4- 6 |  7- 9 | 10-12 | 13-15 || total
---------------------------+-------+-------+-------+-------+-------++-------
  Melee: Unarmed           |    95 |    87 |   273 |   443 |   678 ||  1576
         Punch             |     4 |       |     7 |    34 |    78 ||   123
  Throw: Javelin           |       |       |       |     2 |       ||     2
 Invoke: Slimify           |       |       |       |       |     1 ||     1
  Evoke: Wand              |       |       |       |     3 |     4 ||     7
    Use: Scroll            |       |     5 |     8 |     1 |     8 ||    22
         Potion            |       |     4 |     3 |     2 |     9 ||    18
   Stab: Sleeping          |       |     1 |     1 |       |       ||     2
         Petrified         |       |       |       |       |     2 ||     2
 Armour: Animal skin       |    61 |    59 |   143 |   152 |   254 ||   669
         Skin              |       |     4 |       |    12 |   158 ||   174
  Dodge: Dodged            |    42 |    32 |   141 |   310 |   444 ||   969
  Block: Other             |       |     9 |    39 |    63 |     9 ||   120
   Form: Blade             |       |       |       |     1 |       ||     1
